Map: [ESL] Dynasty

Players

ShaDoWn

  • Race: Protoss Protoss
  • Spawn Location: 1:00

HeroMarine - Winner!

  • Race: Terran Terran
  • Spawn Location: 7:00

Event: ESL SC2 Masters 2024 Spring (Regional)

VOD

Have the link to the VOD?

Description

Time

  • Played on: April 18, 2024, 9:35 a.m.
  • Length: 17:28

All games in this series

Show
View Real Time Build Order
Export as new Build Order

ShaDoWn Protoss 

Build Orders: 1 Gate Expand, Oracle Opening, Blink Stalkers 

Get SALT Encoding   

  12  0:01  Probe  
  13  0:13  Probe  
  14  0:17  Pylon  
  14  0:25  Probe  
  14  0:28  Assimilator  
  15  0:37  Probe (Chrono Boost)  
  16  0:42  Gateway  
  16  0:48  Probe (Chrono Boost)  
  17  0:53  Probe (Chrono Boost)  
  18  1:03  Probe  
  19  1:15  Probe  
  20  1:22  Nexus  
  20  1:30  Cybernetics Core  
  20  1:33  Probe  
  20  1:38  Assimilator  
  21  1:45  Probe  
  22  1:48  Pylon  
  22  1:57  Probe  
  23  2:04  Adept (Chrono Boost)  
  25  2:09  Probe (Chrono Boost)  
  25  2:11  Stargate  
  26  2:18  Probe (Chrono Boost)  
  26  2:21  Warp Gate  
  27  2:23  Probe (Chrono Boost)  
  27  2:26  Adept  
  30  2:34  Probe  
  30  2:35  Probe  
  32  2:41  Shield Battery  
  32  2:46  Probe  
  32  2:47  Probe  
  32  2:51  Oracle (Chrono Boost)  
  34  2:58  Probe, Adept  
  40  3:00  Probe  
  41  3:10  Probe  
  42  3:15  Pylon  
  42  3:16  Twilight Council, Probe  
  43  3:22  Probe  
  43  3:25  Gateway  
  44  3:31  Probe  
  45  3:34  Gateway  
  45  3:35  Probe  
  46  3:43  Probe  
  46  3:47  Blink (Chrono Boost)  
  46  3:48  Probe  
  48  3:55  Probe  
  49  3:56  Pylon  
  49  4:04  Probe  
  50  4:10  Nexus  
  50  4:15  Stalker  
  52  4:21  Stalker  
  52  4:22  Probe  
  55  4:29  Probe  
  55  4:31  Pylon, Stalker  
  56  4:35  Probe  
  56  4:37  Assimilator  
  56  4:38  Assimilator  
  59  4:40  Stalker  
  59  4:42  Probe  
  59  4:47  Probe  
  59  4:49  Stalker  
  59  4:54  Probe  
  59  4:57  Stalker  
  59  4:59  Probe  
  63  5:06  Probe  
  64  5:11  Stalker, Probe  
  67  5:14  Stalker  
  67  5:18  Probe  
  67  5:19  Pylon  
  70  5:23  Probe  
  70  5:24  Stalker  
  70  5:27  Probe  
  72  5:30  Probe  
  73  5:35  Probe  
  73  5:36  Pylon, Stalker  
  73  5:39  Probe  
  77  5:43  Stalker, Probe  
  77  5:47  Charge (Chrono Boost)  
  80  5:50  Probe  
  80  5:52  Probe  
  80  5:53  Stalker  
  80  5:55  Forge  
  84  5:57  Gateway  
  84  6:00  Shield Battery  
  84  6:12  Probe  
  84  6:14  Probe  
  84  6:21  Gateway  
  84  6:22  Probe  
  84  6:23  Protoss Ground Weapons Level 1 (Chrono Boost)  
  85  6:29  Stalker x3, Gateway  
  90  6:40  Gateway  
  90  6:42  Pylon  
  90  6:45  Probe  
  90  6:46  Gateway  
  90  6:47  Pylon  
  91  6:49  Gateway  
  91  6:51  Gateway  
  91  6:52  Zealot x4  
  91  6:53  Probe  
  94  7:11  Pylon  
  94  7:13  Stalker x3  
  94  7:14  Stalker  
  89  7:26  Probe  
  88  7:32  Robotics Facility  
  88  7:34  Probe  
  88  7:36  Gateway  
  89  7:39  Zealot x7  
  103  7:46  Zealot  
  103  7:47  Zealot x2  
  107  7:54  Probe  
  104  7:59  Stalker x3  
  104  8:00  Zealot x4  
  112  8:05  Probe  
  113  8:17  Protoss Ground Weapons Level 2 (Chrono Boost)  
  113  8:21  Zealot x6  
  113  8:22  Nexus  
  125  8:29  Templar Archives  
  119  8:36  Probe x2  
  119  8:38  Pylon, Observer, Probe  
  123  8:48  Probe x2  
  123  8:49  Robotics Bay  
  119  8:56  Psionic Storm  
  119  8:58  Zealot x7  
  133  9:12  Pylon  
  133  9:14  Shield Battery  
  133  9:17  Pylon  
  133  9:26  Pylon, Observer (Chrono Boost)  
  133  9:27  Probe  
  133  9:29  Pylon  
  134  9:33  Pylon  
  134  9:34  Pylon  
  134  9:35  High Templar x3  
  134  9:36  Zealot x7, High Templar  
  154  9:39  Probe  
  154  9:40  Archon  
  154  9:41  Archon  
  154  9:44  Colossus (Chrono Boost)  
  142  9:54  Probe  
  142  9:57  Stalker x7  
  121  10:08  Zealot x4  
  106  10:22  Zealot x4  
  106  10:23  Stalker x3  
  106  10:28  Colossus (Chrono Boost)  
  112  10:29  Zealot x4  
  120  10:37  Assimilator  
  120  10:39  Assimilator  
  120  10:52  High Templar  
  120  10:54  Zealot x6  
  134  11:05  Pylon  
  132  11:13  Zealot x4  
  128  11:19  Zealot x5  
  130  11:26  High Templar x2  
  130  11:31  High Templar x2, Nexus  
  128  11:33  Zealot x5  
  138  11:43  Pylon  
  138  11:45  High Templar x2, Warp Prism (Chrono Boost)  
  142  11:49  Archon  
  143  12:03  Zealot x5, High Templar x2  
  143  12:07  Pylon  
  153  12:13  Zealot x2  
  153  12:20  Stalker x2  
  151  12:25  Zealot x3  
  153  12:37  Extended Thermal Lance (Chrono Boost)  
  147  12:38  Colossus (Chrono Boost)  
  153  12:47  Stalker x2  
  157  12:57  Shield Battery  
  157  12:58  Pylon  
  157  13:02  Archon  
  125  13:13  Archon  
  125  13:14  Stalker x6  
  125  13:15  Zealot  
  125  13:17  Archon  
  117  13:22  Colossus (Chrono Boost)  
  113  13:32  Zealot x2, Protoss Ground Weapons Level 3 (Chrono Boost), High Templar x2  
  111  13:35  Zealot  
  111  13:38  Zealot x3  
  119  13:52  Zealot x3  
  125  14:00  Colossus (Chrono Boost)  
  127  14:04  Zealot x4  
  127  14:08  Zealot x2  
  129  14:20  Robotics Facility  
  125  14:26  Zealot x2  
  125  14:29  Zealot x3, High Templar x2  
  139  14:35  Archon  
  139  14:38  Disruptor (Chrono Boost)  
  143  14:44  Zealot x3  
  143  14:54  Stalker x2  
  143  14:55  Stalker x4  
  135  15:05  Zealot x4  
  135  15:06  Zealot  
  141  15:11  Disruptor (Chrono Boost)  
  149  15:16  Disruptor (Chrono Boost)  
  149  15:24  Nexus  
  149  15:31  Zealot x4  
  149  15:34  Disruptor (Chrono Boost)  
  161  15:37  High Templar x2  
  161  15:41  Assimilator  
  165  15:46  Disruptor  
  147  16:03  Pylon, Stalker, Disruptor (Chrono Boost), Zealot  
  147  16:04  Zealot x4  
  163  16:07  Probe x2  
  163  16:08  Assimilator  
  145  16:20  Stalker x5, Disruptor (Chrono Boost)  
  134  16:33  Archon  
  134  16:38  Zealot  
  134  16:39  Zealot x3  
  112  16:46  High Templar x2  
  112  16:47  Zealot x3  
  95  16:52  Archon  
  80  17:03  Stalker x3  
  86  17:10  Zealot x3  
  84  17:18  Zealot  
  84  17:19  Zealot  
Show
View Real Time Build Order
Export as new Build Order

HeroMarine Terran - Winner!

Build Orders:  

Get SALT Encoding   

  12  0:00  SCV  
  13  0:12  SCV  
  14  0:17  Supply Depot  
  14  0:24  SCV  
  15  0:38  SCV  
  15  0:40  Barracks  
  16  0:43  Refinery  
  16  0:50  SCV  
  16  0:52  Refinery  
  17  1:02  SCV  
  18  1:14  SCV  
  19  1:26  Barracks Reactor  
  19  1:27  Orbital Command  
  19  1:29  Supply Depot  
  19  1:40  Factory  
  19  1:52  SCV  
  20  2:02  Reaper x2  
  20  2:04  SCV  
  23  2:16  SCV  
  24  2:24  Hellion  
  24  2:27  Command Center  
  26  2:30  SCV  
  26  2:35  Reaper x2  
  29  2:40  Supply Depot  
  29  2:45  Hellion  
  31  2:56  Starport  
  31  3:01  SCV  
  32  3:06  Cyclone  
  32  3:09  Marine  
  32  3:10  Marine  
  36  3:13  SCV  
  37  3:26  SCV  
  38  3:33  Marine  
  39  3:39  SCV, Medivac, Marine  
  43  3:41  Factory Tech Lab  
  43  3:42  Orbital Command  
  43  3:50  Marine  
  43  3:51  SCV  
  45  3:56  Marine  
  45  3:58  Barracks  
  46  4:03  SCV  
  46  4:08  SCV  
  46  4:09  Marine  
  48  4:10  Siege Tank  
  48  4:13  Starport Tech Lab  
  48  4:14  Marine  
  48  4:15  SCV  
  48  4:16  Supply Depot  
  53  4:20  SCV  
  54  4:28  Barracks  
  54  4:29  Refinery  
  54  4:30  Supply Depot  
  54  4:31  SCV  
  53  4:32  SCV  
  53  4:38  Raven  
  56  4:43  SCV  
  56  4:44  SCV, Marine x2  
  58  4:55  SCV  
  58  4:57  SCV  
  59  5:02  Marine x2  
  59  5:03  Stimpack  
  59  5:04  Marauder  
  59  5:07  SCV, Supply Depot  
  62  5:08  Engineering Bay  
  62  5:09  SCV  
  64  5:19  SCV, Factory Reactor  
  64  5:20  Starport Reactor  
  64  5:21  SCV, Marine x2  
  65  5:23  Combat Shield  
  65  5:25  Marauder  
  71  5:28  Marauder  
  71  5:29  Supply Depot  
  71  5:34  Missile Turret  
  73  5:36  Terran Infantry Weapons Level 1  
  73  5:39  Marine x2  
  73  5:44  Bunker  
  73  5:45  Marine  
  73  5:46  SCV x2  
  73  5:49  Marine  
  77  5:57  Marine x2  
  77  5:58  SCV, Missile Turret  
  77  5:59  SCV  
  77  6:01  Medivac  
  77  6:03  Medivac, Marine  
  84  6:08  Marauder  
  84  6:14  Marine  
  84  6:15  Marine  
  87  6:22  Marauder  
  87  6:31  Marauder  
  89  6:34  Command Center, Marine x2  
  90  6:40  Medivac x2  
  90  6:47  Supply Depot  
  94  6:48  Supply Depot  
  93  7:00  Barracks  
  93  7:01  Barracks  
  93  7:03  Marauder  
  93  7:05  Concussive Shells  
  93  7:08  Widow Mine x2, Marine x2  
  100  7:09  Marauder  
  100  7:11  Supply Depot  
  100  7:13  Supply Depot  
  100  7:14  SCV x2  
  99  7:23  Medivac x2  
  99  7:25  Marauder  
  99  7:26  SCV x2  
  105  7:30  Marauder  
  105  7:31  Marine x2  
  108  7:46  Marauder  
  108  7:49  Barracks Tech Lab  
  108  7:50  Widow Mine, Barracks Reactor, Marine x2  
  108  7:51  Widow Mine, Marauder  
  118  7:55  SCV x2  
  99  8:07  SCV x2  
  99  8:08  Marauder  
  99  8:09  Marine  
  99  8:10  Marine x2  
  110  8:13  Marauder  
  110  8:18  Medivac  
  112  8:20  SCV x2  
  112  8:26  Orbital Command  
  110  8:27  Marine x4  
  110  8:28  Marine  
  110  8:29  Marauder  
  116  8:34  Marauder  
  116  8:42  SCV x2  
  116  8:44  Widow Mine x2, Medivac  
  116  8:45  Marine x5  
  116  8:47  Refinery x2  
  125  8:50  Marine  
  125  8:54  SCV x2  
  125  8:55  Marine  
  128  8:56  SCV  
  129  9:03  Marine x4  
  129  9:04  Marauder  
  129  9:06  Widow Mine, SCV x2  
  129  9:08  Marauder  
  141  9:13  Supply Depot  
  141  9:14  Supply Depot  
  141  9:17  Supply Depot  
  141  9:19  Supply Depot  
  141  9:21  Terran Infantry Armor Level 1  
  141  9:23  Medivac x2  
  141  9:24  Supply Depot, Marauder, Marine x2  
  149  9:34  SCV x2  
  149  9:35  Widow Mine x2, SCV, Marine x2, Marauder  
  149  9:36  Marauder  
  149  9:37  Supply Depot  
  162  9:41  Marine  
  162  9:42  Marine  
  162  9:45  Marauder  
  159  9:56  Marauder  
  159  9:57  Marauder  
  159  9:58  Marine x2  
  159  9:59  Widow Mine x2, Marine  
  170  10:03  Medivac x2  
  170  10:06  Marauder  
  170  10:07  Marine  
  135  10:16  Marine x2  
  135  10:17  Marine  
  135  10:18  Marauder x2  
  137  10:24  Marine  
  137  10:25  Widow Mine x2  
  137  10:28  Marauder  
  141  10:33  Medivac, Marine x2  
  141  10:35  Marine  
  146  10:37  Command Center  
  146  10:38  Ghost Academy  
  146  10:39  Armory, Marauder  
  146  10:40  Marauder  
  146  10:42  Marine  
  151  10:49  Medivac, Marine  
  154  10:59  Marine x3  
  154  11:00  Marine  
  154  11:03  Viking  
  160  11:10  Starport  
  159  11:11  Marauder x2, Marine  
  159  11:17  Marine  
  151  11:19  Marauder, Viking  
  151  11:25  Marine x2  
  147  11:32  Ghost x2  
  151  11:39  Sensor Tower, Ghost  
  155  11:50  Viking x2  
  159  11:58  Viking  
  159  12:00  Viking  
  165  12:07  Terran Infantry Weapons Level 2  
  164  12:14  Marine x2  
  166  12:20  Viking  
  166  12:22  Viking  
  161  12:27  Marine  
  161  12:28  Marine, Viking  
  150  12:37  Planetary Fortress  
  150  12:38  SCV x3  
  150  12:40  Ghost  
  155  12:44  Ghost  
  155  12:45  Marine x2  
  155  12:50  SCV x3  
  162  12:53  Ghost  
  152  13:08  Ghost  
  152  13:10  Marine x3  
  143  13:12  Marine  
  143  13:13  Marine  
  121  13:22  Marauder  
  121  13:28  Marine x3  
  121  13:30  Marine  
  121  13:31  Marauder  
  125  13:34  Medivac, Barracks  
  125  13:36  Medivac  
  125  13:37  Barracks  
  125  13:38  Barracks, Marauder  
  125  13:41  Medivac x2  
  133  13:44  Marauder  
  133  13:45  Engineering Bay  
  133  13:46  Marine x2  
  133  13:47  Marine  
  140  13:50  Marine  
  140  13:54  Marauder  
  143  13:59  Marauder  
  143  14:04  Ghost  
  143  14:05  Marine x3  
  148  14:15  Ghost  
  150  14:21  Marauder  
  150  14:24  Liberator, Marine x2  
  152  14:25  Barracks Tech Lab x2, Barracks Reactor  
  152  14:26  Marine x2  
  158  14:34  Marauder  
  160  14:39  Refinery  
  160  14:41  Marine  
  160  14:42  Marauder, Marine  
  160  14:44  Marauder, Marine x2  
  168  14:47  Viking  
  168  14:48  Viking  
  168  14:51  Marauder  
  173  14:53  Marauder  
  173  14:55  Marauder  
  173  14:59  Marine  
  160  15:03  Marauder  
  160  15:05  Marauder  
  147  15:08  Viking x2  
  147  15:12  Marauder  
  149  15:15  Marauder  
  149  15:16  Marine  
  149  15:17  Marauder  
  149  15:19  Marine  
  155  15:21  Marine x2  
  155  15:25  Marauder  
  155  15:27  Marauder  
  161  15:33  Ghost  
  163  15:35  Ghost  
  163  15:36  Marine x2  
  163  15:37  Marine x2  
  163  15:38  Ghost  
  171  15:42  Marine  
  171  15:43  Marine  
  171  15:46  Marine  
  171  15:48  Marine  
  166  15:59  Marine x4  
  166  16:00  Marine  
  166  16:02  Marauder  
  173  16:04  Marauder  
  173  16:05  Marine, Marauder  
  173  16:06  Ghost, Marauder  
  173  16:07  Refinery  
  180  16:17  Marine x3  
  178  16:24  Marauder  
  178  16:25  Marine x2  
  179  16:27  Marauder  
  169  16:34  Medivac  
  169  16:36  Marauder  
  169  16:38  Marine x2, Marauder  
  169  16:39  Marine x3  
  161  16:43  Marine x2  
  161  16:45  Marine  
  145  16:48  Marine  
  145  16:56  Marine x2  
  145  16:57  Marauder, Marine  
  145  16:58  Ghost, Marauder  
  149  17:03  Orbital Command  
  149  17:05  Marauder  
  157  17:10  Marine  
Tags
 
Add a new tag
Caveats
  • Supply blocks, unpowered buildings, or Contaminate may cause inaccurate times.
  • Supply counts are checked every 10 seconds.